 Dungeon Crawl Stone Soup version 0.27.1-1-g398f81649c (webtiles) character file.

Game seed: 10992117301096874727

158 Descartes the Covert (level 5, -6/27 HPs)
             Began as a Spriggan Delver on Sept 14, 2021.
             Killed by nerve-wracking pain
             ... invoked by an orc priest
              (8 damage)
             ... on level 3 of the Dungeon.
             The game lasted 00:04:57 (3709 turns).

Descartes the Covert (Spriggan Delver)              Turns: 3709, Time: 00:04:57

Health: -6/27      AC:  2    Str:  9    XL:     5   Next: 16%
Magic:  6/6        EV: 19    Int: 11    God:
Gold:   116        SH:  0    Dex: 17    Spells: 4/4 levels left

rFire    . . .     SeeInvis +   a - +0 short sword
rCold    . . .     Faith    .   (shield restricted)
rNeg     . . .     Spirit   .   b - +0 robe
rPois    .         Reflect  .   (helmet restricted)
rElec    .         Harm     .   (no cloak)
rCorr    +         Rampage  .   (gloves unavailable)
Will     .....                  (boots unavailable)
Stlth    ++++......             (no amulet)
HPRegen  0.09/turn              m - ring of resist corrosion
MPRegen  0.10/turn              (no ring)

@: very quick
A: very small, no large weapons, unfitting armour, see invisible, speed 3
a: no special abilities


You were on level 3 of the Dungeon.
You visited 1 branch of the dungeon, and saw 5 of its levels.

You collected 116 gold pieces.

Inventory:

Hand Weapons
 a - a +0 short sword (weapon)
 t - a +0 hunting sling
Missiles
 h - 17 poisoned darts (quivered)
 j - 70 stones
 k - 30 sling bullets
Armour
 b - a +0 robe (worn)
 q - a +0 buckler
Jewellery
 m - a ring of resist corrosion (left hand)
Wands
 g - a wand of digging (3)
Scrolls
 c - 2 scrolls of fog
 d - a scroll of magic mapping
 e - 3 scrolls of fear
 l - a scroll of noise {unknown}
 n - a scroll of immolation {unknown}
 o - a scroll of silence {unknown}
 p - a scroll of summoning {unknown}
 r - a scroll of enchant weapon {unknown}
 u - a scroll of teleportation {unknown}
Potions
 f - 2 potions of haste
 i - 2 potions of attraction {unknown}
 s - a potion of might {unknown}
 v - a potion of curing {unknown}


   Skills:
 - Level 2.4 Fighting
 + Level 3.8 Short Blades
 + Level 4.6 Dodging
 + Level 8.5 Stealth
 + Level 0.2 Shields


You had 4 spell levels left.
You didn't know any spells.
Your spell library contained the following spells:

 Spells                   Type           Power      Damage    Failure   Level
 Sublimation of Blood     Necr           0%         N/A       47%         2
 Tukima's Dance           Hex            0%         N/A       71%         3
 Passage of Golubria      Tloc           N/A        N/A       98%         4
 Petrify                  Tmut/Erth      0%         N/A       98%         4
 Irradiate                Conj/Tmut      0%         3d13      100%        5
 Yara's Violent Unravell  Hex/Tmut       0%         3d3       100%        5


Dungeon Overview and Level Annotations

Branches:
Dungeon (5/15)
 Temple: D:4-7

Altars:


Innate Abilities, Weirdness & Mutations

You are very small and have problems with some larger weapons.
You are too small for most types of armour.
You have supernaturally acute eyesight. (SInv)
You cover ground extremely quickly. (Speed+++)


Message History

The bullfrog completely misses you.
You hit the bullfrog.
The bullfrog is moderately wounded.
The bullfrog barely misses you.
You barely miss the bullfrog.
The bullfrog is moderately wounded.
The bullfrog closely misses you. The bullfrog hits you.
You are too injured to fight recklessly!
You are too injured to fight recklessly!
You are too injured to fight recklessly!
You are too injured to fight recklessly!
You are too injured to fight recklessly!
You are too injured to fight recklessly!
You are too injured to fight recklessly!
You are too injured to fight recklessly!
You closely miss the bullfrog.
The bullfrog is moderately wounded.
The bullfrog misses you.
You hit the bullfrog.
The bullfrog is heavily wounded.
The bullfrog barely misses you.
You closely miss the bullfrog.
The bullfrog is heavily wounded.
The bullfrog barely misses you. The bullfrog hits you.
* * * LOW HITPOINT WARNING * * *
You closely miss the bullfrog.
The bullfrog is heavily wounded.
The bullfrog completely misses you.
You closely miss the bullfrog.
The bullfrog is heavily wounded.
The bullfrog completely misses you.
You closely miss the bullfrog.
The bullfrog is heavily wounded.
The bullfrog hits you!
* * * LOW HITPOINT WARNING * * *
The bullfrog closely misses you.
The orc priest shouts!
The orc priest mumbles some strange prayers to Beogh against you.
Pain shoots through your body!
You die...

########.....#
#############......##.....
.......................''.....
#..............###......##.....
...............# #......+......
...........##....##.......#####.#
...........##....##...........#..
...........##....##...........#..
....###.........@###..........#..
..............F..................
..........#...######o.........#..
..........'...+ .........##
#........#...# ########.#
#####.!..#...# #........##
#....>......... ...........
#.###.##......... #+#..##..##
...##......... ...#. #..##


You could see a bullfrog and an orc priest.

Vanquished Creatures
  A jelly (D:4)
  2 hound skeletons
  4 adders
  A worm (D:2)
  A dart slug (D:4)
  3 orcs (D:3)
  11 endoplasms
  4 giant cockroaches
  5 goblins
  4 hobgoblins
  2 jackals (D:2)
  3 kobolds
  2 quokkas (D:2)
  4 ball pythons
  6 bats
  A frilled lizard (D:3)
  3 rats
57 creatures vanquished.

Notes
Turn   | Place    | Note
-------+----------+-------------------------------------------
     0 | D:5      | Descartes the Spriggan Delver began the quest for the Orb.
     0 | D:5      | Reached XP level 1. HP: 11/11 MP: 2/2
    24 | D:5      | Reached XP level 2. HP: 16/16 MP: 3/3
   278 | D:4      | Reached XP level 3. HP: 19/19 MP: 4/4
   285 | D:4      | Reached skill level 8 in Stealth
   452 | D:3      | Reached XP level 4. HP: 23/23 MP: 5/5
   560 | D:3      | HP: 1/23 [orc priest/divine providence (15)]
  1208 | D:2      | Found a faded altar of an unknown god.
  2211 | D:1      | Reached XP level 5. HP: 27/27 MP: 6/6
  2802 | D:2      | Found a faded altar of an unknown god.
  3698 | D:3      | HP: 1/27 [bullfrog (7)]
  3709 | D:3      | Killed from afar by an orc priest

Illustrated notes

Levels and vault maps discovered:
D:1:      minmay_arrival_split_and_join, layout_loops_cross
D:2:      layout_basic, shapermc_ecumenical_altar_venn
D:3:      layout_basic, nicolae_underground_beach
D:4:      layout_cave_pools, mainiacjoe_overflow_six_doors_small,
          nicolae_elyvilon_peaceful_grove, serial_column_ruins,
          column_ruins_hut, column_ruins_columns_straight, column_ruins_grid_3,
          column_ruins_open_tiny
D:5:      layout_loops_corners, nicolae_overflow_crystal_walls

Skill      XL: |  1  2  3 |
---------------+----------+-----
Dodging        | 3 4 |  4.6
Short Blades   | 3 |  3.8
Stealth        | 8 |  8.5
Fighting       | |  2.4
Shields        | |  0.2

Action                   |  1- 3 |  4- 6 || total
-------------------------+-------+-------++-------
Melee: Short sword       |    27 |   166 ||   193
 Stab: Sleeping          |     6 |    16 ||    22
Armor: Robe              |     2 |    14 ||    16
Dodge: Dodged            |    13 |   102 ||   115
